 Dungeon Crawl Stone Soup version 0.22.0-38-g04b72b8 (webtiles) character file.

114 Lew the Covert (level 4, -3/29 HPs)
             Began as an Octopode Assassin on Aug 30, 2018.
             Was a Follower of Dithmenos.
             Slain by a phantom (6 damage)
             ... on level 4 of the Dungeon.
             The game lasted 00:04:56 (2690 turns).

Lew the Covert (Octopode Assassin)                  Turns: 2690, Time: 00:04:57

Health: -3/29      AC:  1    Str: 10    XL:     4   Next: 97%
Magic:  4/4        EV: 13    Int: 13    God:    Dithmenos [*.....]
Gold:   117        SH:  0    Dex: 14    Spells: 3/3 levels left

rFire    . . .     SeeInvis .   h - +2 dagger (freeze)
rCold    . . .     Gourm    .   (no shield)
rNeg     . . .     Faith    .   (helmet restricted)
rPois    .         Spirit   .   j - amulet of the acrobat
rElec    .         Reflect  .   (no ring)
rCorr    .         Harm     .   (no ring)
MR       .....                  (no ring)
Stlth    ++++++....             (no ring)
HPRegen  0.09/turn              (no ring)
MPRegen  0.09/turn              (no ring)
                                (no ring)
                                (no ring)

@: wreathed by umbra
A: almost no armour, stealthy swim, amphibious, 8 rings, constrict 8, camouflage
1, gelatinous body 1
a: Renounce Religion


You were on level 4 of the Dungeon.
You worshipped Dithmenos.
Dithmenos was aware of your devotion.
You were not hungry.

You visited 1 branch of the dungeon, and saw 4 of its levels.

You collected 117 gold pieces.

Inventory:

Hand Weapons
 b - a +0 blowgun
 h - a +2 dagger of freezing (weapon)
Missiles
 c - 7 poisoned needles
 d - 2 curare-tipped needles
 i - 3 needles of confusion
Jewellery
 e - an uncursed ring of positive energy {unknown}
 j - an amulet of the acrobat (around mantle)
 s - an uncursed ring of ice
Wands
 m - a wand of disintegration (11)
 n - a wand of iceblast (5)
Scrolls
 a - a scroll of immolation {unknown}
Comestibles
 f - 4 rations


   Skills:
 - Level 2.0 Fighting
 - Level 2.0 Short Blades
 - Level 2.0 Throwing
 - Level 1.0 Dodging
 + Level 8.5 Stealth


You had 3 spell levels left.
You didn't know any spells.
Your spell library was empty.

Dungeon Overview and Level Annotations

Branches:
Dungeon (4/15)
 Temple: D:4-7

Altars:
Dithmenos

Annotations:
D:3 Robin


Innate Abilities, Weirdness & Mutations

You cannot wear most types of armour.
You are very stealthy in the water. (Stealth+)
You are amphibious.
You can wear up to eight rings at the same time.
You can use your tentacles to constrict eight enemies at once.
Your skin changes colour to match your surroundings (Stealth+).
Your rubbery body absorbs attacks. (AC +1, EV +1)


Message History

You miss the phantom.
The phantom is severely damaged.
The phantom hits you but does no damage.
You are too injured to fight recklessly!
You closely miss the phantom.
The phantom is severely damaged.
You feel less wooden. The phantom hits you.
* * * LOW HITPOINT WARNING * * *
You aren't carrying any potions.
Unknown command.
You aren't carrying any potions.
Okay, then.
You barely miss the phantom.
The phantom is severely damaged.
The phantom barely misses you.
You hit the phantom but do no damage.
The phantom is severely damaged.
The phantom hits you.
You die...

.... ...# ##
...##.#####
....!....#
#........##
#.........#
#.........#
#..W.......
##..@.......
#.........##
#........##
.#######......###
.............##
.#######......###
##.......###
##.)......###
##..........###


You could see a phantom.

Vanquished Creatures
  3 adders
  3 leopard geckos
  11 orcs
  6 bats
  2 giant cockroaches
  11 goblins
  10 hobgoblins
  9 jackals
  2 frilled lizards
  2 kobolds
  4 rats
63 creatures vanquished.

Notes
Turn   | Place    | Note
-------+----------+-------------------------------------------
     0 | D:1      | Lew the Octopode Assassin began the quest for the Orb.
     0 | D:1      | Reached XP level 1. HP: 14/14 MP: 1/1
   237 | D:1      | Reached XP level 2. HP: 18/19 MP: 2/2
   296 | D:1      | Reached skill level 6 in Stealth
   856 | D:2      | Found a shadowy altar of Dithmenos.
   894 | D:2      | Reached XP level 3. HP: 17/24 MP: 3/3
  1020 | D:2      | Reached skill level 7 in Stealth
  1232 | D:2      | Became a worshipper of Dithmenos the Shadowed
  1590 | D:3      | Noticed Robin
  1602 | D:3      | Reached XP level 4. HP: 27/29 MP: 4/4
  2295 | D:3      | Reached skill level 8 in Stealth
  2502 | D:4      | Reached * piety under Dithmenos
  2633 | D:4      | Noticed a phantom
  2690 | D:4      | Slain by a phantom

Skill      XL: |  1  2  3  4 |
---------------+-------------+-----
Stealth        | 6 7 8 |  8.5
Fighting       | |  2.0
Short Blades   | |  2.0
Throwing       | |  2.0
Dodging        | |  1.0

Action                   |  1- 3 |  4- 6 || total
-------------------------+-------+-------++-------
Melee: Dagger            |    75 |    77 ||   152
       Constrict         |    17 |    13 ||    30
       Tentacles         |    14 |    11 ||    25
 Fire: Blowgun           |     6 |       ||     6
  Use: Potion            |     9 |     2 ||    11
       Scroll            |     4 |     1 ||     5
 Stab: Sleeping          |    10 |     5 ||    15
  Eat: Chunk             |     2 |       ||     2
       Ration            |       |     1 ||     1
Armor: Skin              |    10 |    20 ||    30
Dodge: Dodged            |    55 |    24 ||    79
